 Dungeon Crawl Stone Soup version 0.32-a0-699-g1ee5eff69a (webtiles) character file.

Game seed: 4417668175764687122

133 cojito the Cudgeller (level 4, 0/41 HPs)
             Began as a Mountain Dwarf Monk on Mar 14, 2024.
             Slain by a gnoll
             ... wielding a +3 spear
              (2 damage)
             ... on level 3 of the Dungeon.
             The game lasted 00:04:15 (1697 turns).

cojito the Cudgeller (Mountain Dwarf Monk)          Turns: 1697, Time: 00:04:16

Health: 0/41       AC: 12    Str: 15    XL:     4   Next: 93%
Magic:  4/4        EV:  3    Int: 11    God:
Gold:   139        SH:  0    Dex: 12    Spells: 3/3 levels left

rFire   + . .        a - +1 mace
rCold   . . .        d - orb {light}
rNeg    . . .        m - +0 plate armour
rPois   .            (no helmet)
rElec   .            (no cloak)
rCorr   .            p - +0 pair of gloves
SInv    .            (no boots)
Will    +....        (no amulet) Stlth
                     k - ring of protection from fire
HPRegen 0.26/turn    (no ring)
MPRegen 0.09/turn

%: no passive effects
@: mighty, enlightened, flying, glowing
A: runic magic, artefact enchanting
a: no special abilities


You were on level 3 of the Dungeon.
You visited 1 branch of the dungeon, and saw 4 of its levels.

You collected 139 gold pieces.

Inventory:

Hand Weapons
 a - a +1 mace (weapon)
 l - a +1 short sword of venom
Armour
 d - an orb of light (worn)
 m - a +0 plate armour (worn)
 p - a +0 pair of gloves (worn)
Magical Staves
 h - a staff of earth
Jewellery
 k - a ring of protection from fire (left hand)
Scrolls
 f - a scroll of brand weapon {unknown}
 j - 2 scrolls of enchant weapon
 n - a scroll of teleportation {unknown}
 o - 2 scrolls of identify {unknown}
 q - a scroll of enchant armour {unknown}
Potions
 c - 2 potions of ambrosia
 e - a potion of enlightenment
 g - a potion of curing
 i - a potion of resistance {unknown}


   Skills:
 + Level 4.5 Fighting
 + Level 4.9 Maces & Flails
 + Level 2.6 Armour
 - Level 2.1 Dodging


You had 3 spell levels left.
You didn't know any spells.
Your spell library contained the following spells:

 Spells                   Type           Power      Damage    Failure   Level
 Magic Dart               Conj           0%         1d3       71%         1
 Necrotise                Necr           0%         1d4       71%         1
 Blink                    Tloc           0%         N/A       85%         2
 Call Imp                 Summ           0%         N/A       85%         2
 Vampiric Draining        Necr           0%         2d6       97%         3
 Cause Fear               Hex            0%         N/A       100%        4
 Martyr's Knell           Necr/Summ      0%         N/A       100%        4
 Curse of Agony           Necr           0%         N/A       100%        5
 Fireball                 Conj/Fire      0%         3d3       100%        5
 Dragon's Call            Summ           0%         N/A       100%        9


Dungeon Overview and Level Annotations

Branches:
Dungeon (4/15)
 Temple: D:4-7

Altars:
Wu Jian

Annotations:
D:3 Grinder


Innate Abilities, Weirdness & Mutations

Your spellcasting is much less encumbered by armour.
You can use scrolls of enchantment on lesser artefacts.


Message History

You fly up into the air.
The gnoll barely misses you. The gnoll hits you with a +0 mace!
It was a potion of curing.
You feel better. The gnoll completely misses you.
The gnoll hits you with a +0 mace.
It was a potion of might.
You feel very mighty all of a sudden.
The gnoll hits you from afar with a +0 spear.
The gnoll barely misses you.
You barely miss the gnoll.
The gnoll is moderately wounded.
The gnoll hits you from afar with a +0 spear.
The gnoll completely misses you.
The gnoll hits you from afar with a +0 spear.
You sock the gnoll!
The gnoll is almost dead.
The gnoll hits you but does no damage. The gnoll completely misses you.
The gnoll hits you with a +0 mace.
You sock the gnoll!
You kill the gnoll!
The gnoll hits you but does no damage. The gnoll hits you with a +0 spear.
* * * LOW HITPOINT WARNING * * *
The gnoll hits you from afar with a +3 spear!
* * * LOW HITPOINT WARNING * * *
You see here a +0 mace.
You barely miss the gnoll.
The gnoll hits you but does no damage. x2
You hit the gnoll.
The gnoll is heavily wounded.
The gnoll hits you but does no damage. x2
You barely miss the gnoll.
The gnoll is heavily wounded.
The gnoll hits you with a +0 spear.
* * * LOW HITPOINT WARNING * * *
The gnoll hits you from afar with a +3 spear.
* * * LOW HITPOINT WARNING * * *
You hit the gnoll.
The gnoll is severely wounded.
The gnoll barely misses you.
The gnoll hits you from afar with a +3 spear.
You die...

##################
#..gg@...........#
#.##############.#
#.# #.# #g# #.#
... #.# ... #.#
.... ####### #.#
##### #.....# #.#
## #.....# #.#


You could see 2 gnolls.

Vanquished Creatures
  Terence (D:3)
  2 gnolls (D:3)
  3 adders
  2 dart slugs (D:2)
  2 ribbon worms
  4 endoplasms
  5 giant cockroaches
  7 goblins
  6 hobgoblins
  4 jackals (D:2)
  A quokka (D:1)
  4 ball pythons
  3 bats
  2 frilled lizards
  4 kobolds
  2 rats (D:1)
52 creatures vanquished.

Notes
Turn   | Place    | Note
-------+----------+-------------------------------------------
     0 | D:1      | cojito the Mountain Dwarf Monk began the quest for the Orb.
     0 | D:1      | Reached XP level 1. HP: 19/19 MP: 1/1
   199 | D:1      | Reached XP level 2. HP: 26/26 MP: 2/2
   236 | D:1      | Reached skill level 1 in Armour
   712 | D:2      | Reached XP level 3. HP: 33/33 MP: 3/3
   767 | D:2      | Identified the +0 leather armour of Amorality {Dex+3}
  1280 | D:3      | Reached XP level 4. HP: 40/40 MP: 4/4
  1448 | D:3      | Found an ornate altar of the Wu Jian Council.
  1448 | D:3      | Noticed Grinder
  1551 | D:3      | Noticed Terence
  1568 | D:3      | Killed Terence
  1696 | D:3      | HP: 1/41 [gnoll/+3 spear (2)]
  1697 | D:3      | Slain by a gnoll

Illustrated notes

Levels and vault maps discovered:
D:1:      dpeg_arrival_lava_temple_mockup, layout_rooms
D:2:      layout_rooms, minmay_tetromino_l2
D:3:      layout_basic, mainiacjoe_overflow_boulevard,
          yredelemnul_forgotten_temple_becter, uniq_terence, uniq_grinder
D:4:      layout_cave_pods, biasface_ghost_orc_armoury

Skill      XL: |  1  2  3 |
---------------+----------+-----
Armour         | 1 2 |  2.6
Maces & Flails | 4 |  4.9
Fighting       | 4 |  4.5
Dodging        | |  2.1

Action                     |  1- 3 |  4- 6 || total
---------------------------+-------+-------++-------
  Melee: Mace              |    92 |    65 ||   157
    Use: Scroll            |     1 |       ||     1
         Potion            |       |     3 ||     3
 Armour: Robe              |    32 |       ||    32
         Leather armour    |    19 |       ||    19
         Plate armour      |     4 |   100 ||   104
  Dodge: Dodged            |    56 |    14 ||    70

Table legend: (Time is in decaauts)
 A = Elapsed time spent in this place.
 B = Non-inter-level travel time spent in this place.
 C = Inter-level travel time spent in this place.
 D = Time resting spent in this place.
 E = Time spent auto-exploring this place.
 F = Levels seen in this place.
 G = Mean time per level.
                   A        B        C        D        E       F      G
               +--------+--------+--------+--------+--------+-----+--------+
         Total |   1723 |   1651 |     72 |    231 |    779 |   4 |  430.8 |
       Dungeon |   1723 |   1651 |     72 |    231 |    779 |   4 |  430.8 |
               +--------+--------+--------+--------+--------+-----+--------+

Top non-repeatable levels by time:
     D:1: 715 daAuts
     D:2: 562 daAuts
     D:3: 357 daAuts
     D:4: 88 daAuts
